 Dungeon Crawl Stone Soup version 0.30-a0-557-ge2afbf3030 (webtiles) character file.

Game seed: 15348751948725923489

124 PimpSugar the Magician (level 4, 0/32 HPs)
             Began as a Demonspawn Hedge Wizard on Dec 27, 2022.
             Succumbed to an orc's poison
             ... on level 3 of the Dungeon.
             The game lasted 00:09:37 (2539 turns).

PimpSugar the Magician (Demonspawn Hedge Wizard)    Turns: 2539, Time: 00:09:38

Health: 0/32       AC:  3    Str: 11    XL:     4   Next: 81%
Magic:  3/9        EV: 12    Int: 23    God:
Gold:   145        SH:  0    Dex: 12    Spells: 1/10 levels left

rFire   . . .      SeeInvis .    a - +0 dagger
rCold   . . .      Faith    .    (no shield)
rNeg    . . .      Spirit   .    b - +0 robe
rPois   .          Reflect  .    c - +0 hat
rElec   .          Harm     .    (no cloak)
rCorr   .          Rampage  .    h - +0 pair of gloves
Will    .....                    (no boots)
Stlth   ++                       (no amulet)
HPRegen 0.25/turn                g - +6 ring of intelligence
MPRegen 0.11/turn                m - ring of wizardry

@: lethally poisoned (0 -> -1), hasted, very quick
A: weakness stinger 1
a: no special abilities


You were on level 3 of the Dungeon.
You visited 1 branch of the dungeon, and saw 3 of its levels.

You collected 145 gold pieces.

Inventory:

Hand Weapons
 a - a +0 dagger (weapon)
Missiles
 f - 12 stones (quivered)
Armour
 b - a +0 robe (worn)
 c - a +0 hat (worn)
 h - a +0 pair of gloves (worn)
 k - a +0 leather armour
Jewellery
 g - a +6 ring of intelligence (left hand)
 m - a ring of wizardry (right hand)
Potions
 d - a potion of magic
 e - a potion of haste
 i - a potion of degeneration {unknown}
 j - a potion of invisibility {unknown}
 l - a potion of resistance {unknown}


   Skills:
 + Level 1.2 Fighting
 + Level 2.2 Dodging
 + Level 2.2 Stealth
 * Level 3.5 Spellcasting
 * Level 2.2 Conjurations
 + Level 1.5 Summonings
 + Level 1.5 Translocations
 + Level 0.6 Earth Magic


You had one spell level left.
You knew the following spells:

 Your Spells              Type           Power      Damage    Failure   Level
a - Magic Dart            Conj           56%        1d5       1%          1
b - Call Imp              Summ           11%        N/A       3%          2
c - Call Canine Familiar  Summ           11%        N/A       7%          3
d - Stone Arrow           Conj/Erth      20%        3d8       8%          3

Your spell library contained the following spells:

 Spells                   Type           Power      Damage    Failure   Level
 Summon Small Mammal      Summ           44%        N/A       2%          1
 Slow                     Hex            16%        N/A       4%          1
 Blink                    Tloc           22%        N/A       3%          2
 Static Discharge         Conj/Air       18%        2-3/arc   4%          2
 Cigotuvi's Dreadful Rot  Necr/Pois/Air  8%         N/A       7%          2
 Mephitic Cloud           Conj/Pois/Air  7%         N/A       10%         3
 Summon Guardian Golem    Hex/Summ       7%         N/A       10%         3
 Vhi's Electric Charge    Tloc/Air       14%        N/A       10%         3
 Animate Armour           Summ/Erth      18%        N/A       26%         4
 Arcjolt                  Conj/Air       4%         1d14      56%         5
 Lightning Bolt           Conj/Air       4%         1d16      56%         5
 Lehudib's Crystal Spear  Conj/Erth      5%         10d3      100%        8


Dungeon Overview and Level Annotations

Branches:
Dungeon (3/15)

Altars:


Innate Abilities, Weirdness & Mutations

You have a small tail.


Message History

The orc is lightly wounded.
The orc hits you with a +0 whip of venom.
You are poisoned.
The orc hits your crimson imp with a +0 whip.
The orc hits you with a +0 whip.
The ball python closely misses your crimson imp.
The ball python misses your crimson imp.
Your crimson imp blinks!
You feel yourself speed up.
You feel sick. The orc barely misses you. x2
You closely miss the orc.
The orc is lightly wounded.
You feel sick.
The orc hits you with a +0 whip of venom.
You are lethally poisoned!
The orc barely misses you.
You hit the orc.
The orc is severely wounded.
You feel sick.
You feel sick.
Your crimson imp blinks!
You feel sick.
* * * LOW HITPOINT WARNING * * *
You feel sick.
* * * LOW HITPOINT WARNING * * *
You feel sick.
* * * LOW HITPOINT WARNING * * *
You feel sick.
* * * LOW HITPOINT WARNING * * *
You feel sick.
* * * LOW HITPOINT WARNING * * *
You feel sick.
Your crimson imp barely misses the orc.
* * * LOW HITPOINT WARNING * * *
You feel sick.
* * * LOW HITPOINT WARNING * * *
You feel sick.
* * * LOW HITPOINT WARNING * * *
You feel sick.
* * * LOW HITPOINT WARNING * * *
You feel sick.
You die...

.$..................#
.........##..#####..#
.........###....##.##
.........# ####.##.#
.........# #....#####.
.........# ###........≈
.....5...# #..>.....§§≈
........o######.........§.
...(....o.......@........≈
#######...o........#####..
#.....S......# #
#.#..........#
#....♣♣♣♣♣♣...# #######
#....♣♣♣P♣÷♣...# ...#†..
#....♣♣PP#####..# ###.#.#.
#...♣♣P♣P#...#.## #......#
#..♣♣.♣..#...♣.#
#####......#


You could see an orc and a ball python.

Vanquished Creatures
  2 adders (D:2)
  A dart slug (D:2)
  5 ball pythons
  2 endoplasms (D:1)
  2 goblins
  5 hobgoblins
  4 jackals
  4 bats
  3 frilled lizards
  4 kobolds (D:1)
  4 rats
36 creatures vanquished.

Vanquished Creatures (collateral kills)
  Natasha (D:2)
  2 adders
  2 dart slugs
  3 bats
  3 endoplasms
  A giant cockroach (D:3)
  A hobgoblin (D:1)
  A kobold (D:1)
  2 quokkas
  4 ball pythons
  A frilled lizard (D:2)
  2 rats
23 creatures vanquished.

Grand Total: 59 creatures vanquished

Notes
Turn   | Place    | Note
-------+----------+-------------------------------------------
     0 | D:1      | PimpSugar the Demonspawn Hedge Wizard began the quest for
                  | the Orb.
     0 | D:1      | Reached XP level 1. HP: 13/13 MP: 4/4
   109 | D:1      | Reached skill level 1 in Translocations
   328 | D:1      | Gained mutation: You have a small tail. [demonic ancestry]
   328 | D:1      | Reached XP level 2. HP: 13/19 MP: 0/6
   416 | D:1      | Learned a level 2 spell: Call Imp
   766 | D:1      | HP: 1/20 [hobgoblin (1)]
  1290 | D:2      | Reached XP level 3. HP: 8/25 MP: 3/7
  1364 | D:2      | Learned a level 3 spell: Call Canine Familiar
  1857 | D:2      | Reached skill level 1 in Fighting
  1869 | D:2      | Reached XP level 4. HP: 6/32 MP: 7/9
  2011 | D:2      | Noticed Natasha
  2025 | D:2      | Killed Natasha
  2426 | D:3      | Learned a level 3 spell: Stone Arrow
  2457 | D:3      | Found a faded altar of an unknown god.
  2538 | D:3      | HP: 1/32 [poisoned by an orc]
  2539 | D:3      | Succumbed to an orc's poison

Illustrated notes

Levels and vault maps discovered:
D:1:      grunt_arrival_lava_bath, layout_loops_corners, minivault_27,
          minmay_tetromino_o2
D:2:      layout_rooms, minmay_liquid_box, grunt_decor_clamped, uniq_natasha
D:3:      layout_basic, nicolae_qazlal_scattered_showers,
          mainiacjoe_overflow_brackets, dilly_ecumenical_altar_fadedgnrine,
          minmay_fractal_squares_diagonal_5

Skill      XL: |  1  2  3  4 |
---------------+-------------+-----
Translocations | 1 |  1.5
Stealth        | 2 |  2.2
Dodging        | 2 |  2.2
Fighting       | 1 |  1.2
Conjurations   | 2 |  2.2
Spellcasting   | |  3.5
Summonings     | |  1.5
Earth Magic    | |  0.6

Action                   |  1- 3 |  4- 6 || total
-------------------------+-------+-------++-------
Melee: Dagger            |   123 |    11 ||   134
       Tailslap          |    10 |     3 ||    13
       Punch             |     1 |       ||     1
Throw: Stone             |     2 |       ||     2
 Cast: Magic Dart        |    32 |     7 ||    39
       Call Imp          |    12 |     5 ||    17
       Stone Arrow       |       |     2 ||     2
       Call Canine Famil |       |     2 ||     2
  Use: Potion            |     2 |     1 ||     3
       Scroll            |     1 |     1 ||     2
 Stab: Distracted        |     1 |       ||     1
Armor: Robe              |    34 |     4 ||    38
Dodge: Dodged            |   118 |    11 ||   129

Table legend: (Time is in decaauts)
 A = Elapsed time spent in this place.
 B = Non-inter-level travel time spent in this place.
 C = Inter-level travel time spent in this place.
 D = Time resting spent in this place.
 E = Time spent auto-exploring this place.
 F = Levels seen in this place.
 G = Mean time per level.
                   A        B        C        D        E       F      G
               +--------+--------+--------+--------+--------+-----+--------+
         Total |   2533 |   2377 |    156 |    447 |   1256 |   3 |  844.3 |
       Dungeon |   2533 |   2377 |    156 |    447 |   1256 |   3 |  844.3 |
               +--------+--------+--------+--------+--------+-----+--------+

Top non-repeatable levels by time:
     D:1: 1368 daAuts
     D:2: 980 daAuts
     D:3: 185 daAuts
